 Dungeon Crawl Stone Soup version 0.31-a0-986-g5e6e4ef867 (webtiles) character file.

Game seed: 1878359130429254109

51 Danienth the Chopper (level 3, -1/33 HPs)
             Began as a Minotaur Berserker on Nov 9, 2023.
             Was a Believer of Trog.
             Slain by a gnoll
             ... wielding a +0 club
              (2 damage)
             ... on level 2 of the Dungeon.
             The game lasted 00:03:54 (1810 turns).

Danienth the Chopper (Minotaur Berserker)           Turns: 1810, Time: 00:03:55

Health: -1/33      AC:  4    Str: 24    XL:     3   Next: 57%
Magic:  2/2        EV: 12    Int:  4    God:    Trog [**....]
Gold:   54         SH:  0    Dex: 11    Spells: 2/2 levels left

rFire   x . .        g - +0 dagger
rCold   . . .        k - orb {*Rage}
rNeg    . . .        l - +2 robe "Kuciufeix" {Harm rF- Str+3}
rPois   .            (helmet restricted)
rElec   .            (no cloak)
rCorr   .            (no gloves)
SInv    .            (no boots)
Will    .....        (no amulet)
Stlth   +            (no ring)
HPRegen 0.25/turn    (no ring)
MPRegen 0.08/turn

%: random rage (20%), harm (+30% outgoing, +20% incoming)
@: on berserk cooldown, slowed, very slow
A: horns 2, retaliatory headbutt
a: Renounce Religion, Berserk, Trog's Hand


You were on level 2 of the Dungeon.
You worshipped Trog.
Trog was pleased with you.
You visited 1 branch of the dungeon, and saw 2 of its levels.

You collected 54 gold pieces.

Inventory:

Hand Weapons
 a - a +0 hand axe
 g - a +0 dagger (weapon)
Armour
 b - a +0 animal skin
 k - an orb of wrath (worn)
 l - the +2 robe "Kuciufeix" (worn) {Harm rF- Str+3}
   (You found it on level 2 of the Dungeon)

   Str+3:     It affects your strength (+3).
   rF-:       It makes you vulnerable to fire.
   Harm:      It increases damage dealt and taken.
Jewellery
 j - a ring of resist corrosion
Scrolls
 d - 3 scrolls of fear
 i - a scroll of enchant weapon {unknown}
 m - a scroll of blinking {unknown}
Potions
 c - a potion of degeneration
 e - a potion of brilliance
 h - a potion of mutation {unknown}


   Skills:
 - Level 3.7 Fighting
 * Level 3.2 Short Blades
 - Level 3.9 Axes
 - Level 2.4 Armour
 - Level 2.1 Dodging


You had 2 spell levels left.
You didn't know any spells.
Your spell library was empty.

Dungeon Overview and Level Annotations

Branches:
Dungeon (2/15)

Altars:

Shops:
D:1 ?*!(


Innate Abilities, Weirdness & Mutations

You have a pair of horns on your head.
You reflexively headbutt those who attack you in melee.


Message History

The gnoll prays for help.
Your Short Blades skill increases to level 3!
Things that are here:
a +0 halberd; a throwing net; a gnoll corpse You feel a strong urge to attack something.
You feel your anger nearly subside.
Cornered, the gnoll turns to fight!
You are no longer berserk.
You are exhausted.
You feel yourself slow down.
The gnoll blubbers, "Daddeee!"
As you read the scroll labelled PATTO JOADI, it crumbles to dust.
It is a scroll of identify.
c - a potion of degeneration
As you read the scroll of identify, it crumbles to dust.
e - a potion of brilliance Cornered, the gnoll turns to fight!
The gnoll misses you.
Hit: g) +0 dagger
Press: ? - help, Dir - move target, f - gnoll
Aim: a gnoll, wielding a +0 flail (about 34% to evade your +0 dagger)
You closely miss the gnoll.
The gnoll seems to regain its courage.
The gnoll hits you with a +0 flail! The gnoll attacks as it pursues you!
The gnoll closely misses you. You furiously retaliate!
You headbutt the gnoll. The gnoll attacks as it pursues you!
The gnoll hits you with a +0 flail. The gnoll barely misses you.
The gnoll attacks as it pursues you! The gnoll closely misses you.
The gnoll attacks as it pursues you! The gnoll hits you with a +0 flail!
The gnoll barely misses you. The gnoll hits you with a +0 flail.
The gnoll attacks as it pursues you!
The gnoll hits you from afar with a +0 spear.
* * * LOW HITPOINT WARNING * * *
The gnoll hits you but does no damage. The gnoll hits you with a +0 flail.
* * * LOW HITPOINT WARNING * * *
The gnoll attacks as it pursues you! The gnoll misses you.
The gnoll hits you from afar with a +0 spear.
* * * LOW HITPOINT WARNING * * *
The gnoll hits you with a +0 club.
You die...

#..#############.#
#..## #..
#...#############.
#.#...............
#.###############.
####.##### ##
#........# #
#........#
#...@....#
#...g....# #####
#...g....# #....
####g##### #....
#####.###### #....
#..........# #....
#.....(....# #....
#..........# #....
#..........# #....


You could see 3 gnolls.

Vanquished Creatures
  A gnoll (D:2)
  A worm (D:2)
  4 dart slugs
  4 ball pythons
  3 endoplasms
  5 goblins
  2 hobgoblins (D:2)
  2 kobolds
  3 bats
  A frilled lizard (D:1)
  A rat (D:2)
27 creatures vanquished.

Notes
Turn   | Place    | Note
-------+----------+-------------------------------------------
     0 | D:1      | Danienth the Minotaur Berserker began the quest for the
                  | Orb.
     0 | D:1      | Reached XP level 1. HP: 19/19 MP: 0/0
    84 | D:1      | Found Budejuy's Weapon Shoppe.
   216 | D:1      | Found Doamnil's Distillery.
   244 | D:1      | Found Wakh's Magic Scroll Shop.
   261 | D:1      | Found Volaikep's Assorted Antiques.
   264 | D:1      | Reached skill level 1 in Short Blades
   264 | D:1      | Reached XP level 2. HP: 27/27 MP: 1/1
   937 | D:2      | Reached XP level 3. HP: 33/33 MP: 2/2
  1016 | D:2      | Identified the +2 robe "Kuciufeix" {Harm rF- Str+3}
  1036 | D:2      | Found a faded altar of an unknown god.
  1443 | D:2      | Reached ** piety under Trog
  1810 | D:2      | HP: 1/33 [gnoll/+0 spear (2)]
  1810 | D:2      | Slain by a gnoll

Illustrated notes

Levels and vault maps discovered:
D:1:      minmay_arrival_floating_metal, layout_loops_corners, serial_shops,
          nicolae_shop_pleasant_corner_grove, shop, shop, shop
D:2:      layout_basic, ebering_ecumenical_altar_box

Skill      XL: |  1  2  3 |
---------------+----------+-----
Short Blades   | 1 2 3 |  3.2
Fighting       | |  3.7
Axes           | |  3.9
Armour         | |  2.4
Dodging        | |  2.1

Action                     || total
---------------------------++-------
  Melee: Hand axe          ||     9
         Headbutt          ||    17
         Dagger            ||    51
    Use: Scroll            ||     3
   Stab: Sleeping          ||     1
 Armour: Animal skin       ||    19
         Robe              ||    12
  Dodge: Dodged            ||    28

Table legend: (Time is in decaauts)
 A = Elapsed time spent in this place.
 B = Non-inter-level travel time spent in this place.
 C = Inter-level travel time spent in this place.
 D = Time resting spent in this place.
 E = Time spent auto-exploring this place.
 F = Levels seen in this place.
 G = Mean time per level.
                   A        B        C        D        E       F      G
               +--------+--------+--------+--------+--------+-----+--------+
         Total |   1847 |   1830 |     17 |    206 |   1404 |   2 |  923.5 |
       Dungeon |   1847 |   1830 |     17 |    206 |   1404 |   2 |  923.5 |
               +--------+--------+--------+--------+--------+-----+--------+

Top non-repeatable levels by time:
     D:2: 986 daAuts
     D:1: 861 daAuts
